 Dungeon Crawl Stone Soup version 0.15-a0-1472-ge546950 (webtiles) character file.

4207 Chiseanne the Covert (level 10, 0/63 HPs)
             Began as an Octopode Assassin on June 13, 2014.
             Slain by a wyvern (16 damage)
             ... on Level 9 of the Dungeon.
             The game lasted 00:34:29 (9505 turns).

Chiseanne the Covert (Octopode Assassin)            Turns: 9505, Time: 00:34:29

HP   0/63        AC  7     Str 12      XL: 10   Next: 29%
MP  19/19        EV 16     Int 13      God:
Gold 384         SH  0     Dex 16      Spells:  1 memorised,  5 levels left

rFire  . . .     SeeInvis .     a - +3 dagger (speed)
rCold  . . .     Clarity  .     (no shield)
rNeg   . . .     rCorr    .     G - +2 hat
rPois  .         rRot     .     (no amulet)
rElec  .         Spirit   .     p - ring of magical power
SustAb +         Warding  .     r - ring of wizardry
rMut   .         Stasis   .     B - ring of sustain abilities
Gourm  .                        H - ring of flight
MR     .....                    (no ring)
                                (no ring)
                                (no ring)
                                (no ring)

@: not resistant to hostile enchantments, very stealthy
A: almost no armour, amphibious, 8 rings, constrict 8, iridescent scales 1,
camouflage 1, frail 1, slow metabolism 1, gelatinous body 1
a: Evoke Flight


You were on level 9 of the Dungeon.
You were hungry.

You visited 2 branches of the dungeon, and saw 10 of its levels.
You also visited: Sewer.

You collected 384 gold pieces.

Inventory:

Hand weapons
 a - a +3,+3 dagger of speed (weapon)
 d - a +1,+2 great sword of freezing
 f - a +4,+2 dagger of flaming
 i - a +2,+2 flail of holy wrath
 j - a +4,+3 dagger of chaos {Psyche}
 w - a +0 blowgun
Missiles
 e - 49 poisoned needles
 h - 5 tomahawks (quivered)
 k - 31 sling bullets
 o - 86 bolts
 q - 21 exploding sling bullets
 D - 17 sling bullets of flame
 E - 5 poisoned sling bullets
Armour
 G - a +2 hat (worn)
Magical devices
 y - a wand of fire (1)
 z - a wand of polymorph (16)
Comestibles
 g - 5 bread rations
 l - 7 meat rations
 t - 6 beef jerkies
 x - 2 fruits
Scrolls
 c - 4 scrolls of fog
 s - 7 scrolls of remove curse
 A - 4 scrolls of teleportation
 C - 4 scrolls of immolation
 K - 2 scrolls of identify
 L - 2 scrolls of enchant armour
Jewellery
 p - a ring of magical power (left tentacle)
 r - a ring of wizardry (right tentacle)
 B - a ring of sustain abilities (on tentacle)
 H - a ring of flight (on tentacle)
Potions
 b - 2 potions of restore abilities
 u - a potion of mutation
 I - 3 potions of lignification
 M - 2 potions of poison {unknown}
Books
 F - a book of the Earth

   Spells                             Type                      Level
   *Leda's Liquefaction               Hexes/Earth                  4
   Bolt of Magma                      Conjuration/Fire/Earth       5
   Statue Form                        Transmutation/Earth          6
   Iron Shot                          Conjuration/Earth            6
   Shatter                            Earth                        9


   Skills:
 * Level 7.1 Fighting
 * Level 5.5 Short Blades
 * Level 7.0 Throwing
 * Level 6.9 Dodging
 * Level 11.0 Stealth


You had 5 spell levels left.
You knew the following spells:

 Your Spells              Type           Power        Failure   Level  Hunger
a - Leda's Liquefaction   Hex/Erth       #.........   95%         4    #####..


Dungeon Overview and Level Annotations

Branches:
Dungeon (9/15)             Temple (1/1) D:4
    Orc: D:9-12        Lair: D:8-11

Altars:
Cheibriados
Dithmenos
Fedhas
Kikubaaqudgha
Makhleb
Nemelex Xobeh
Okawaru
Qazlal
Sif Muna
Trog
Vehumet
Xom
Yredelemnul
Zin
The Shining One


Innate Abilities, Weirdness & Mutations

You cannot wear most types of armour.
You are amphibious.
You can wear up to eight rings at the same time.
You can use your tentacles to constrict many enemies at once.
Your skin changes colour to match your surroundings (Stealth).
Your rubbery body absorbs attacks (AC +1).
You are partially covered in iridescent scales (AC +4).
You are frail (-10% HP).
You have a slow metabolism.


Message History

Aim: a wyvern (heavily wounded, poisoned)
You shoot a poisoned needle. The poisoned needle hits the wyvern!
The wyvern is heavily wounded.
The bat barely misses you. The wyvern bites you.
* * * LOW HITPOINT WARNING * * *
The bat barely misses you.
Firing (i - inventory. (,) - cycle):
e - 50 poisoned needles (quivered)
Press: ? - help, Shift-Dir - straight line, f/p - wyvern
Aim: a wyvern (heavily wounded, poisoned)
You shoot a poisoned needle. The poisoned needle hits the wyvern!
The wyvern is heavily wounded.
The wyvern completely misses you. The bat misses you.
Wield which item (- for none, * to show all)? (? for menu, Esc to quit)
Your tentacles tingle!
a - a +3,+3 dagger of speed (weapon)
The bat hits you but does no damage. The wyvern barely misses you.
You hit the wyvern but do no damage.
The wyvern is heavily wounded.
The bat barely misses you. The wyvern bites you!
You die... #.......(....(P.P. #.........# P.P

#.........# $.r
#.........# #.#
#....b....# #.#
#.........# #.########
########r## ####...^.....
#D# #.........### #@#
#...........# #.#
#...........# #b#
#............ #.#
#.....≈≈≈≈≈.#
########.####.....≈###≈.#
#.....[............'_'[.#
#.....<...........≈###≈##
#.................≈≈≈≈≈#
#............#######.###


You could see a wyvern, a bat and a rat.

Vanquished Creatures
  Maurice (D:8)
  Psyche (D:8)
  2 hungry ghosts
  A wyvern (D:8)
  A hill giant zombie (D:8)
  2 hippogriffs (D:8)
  An orc warrior (D:8)
  A water moccasin (D:7)
  Purgy (Sewer)
  A necrophage (D:7)
  4 ogres
  2 sky beasts (D:7)
  4 centaurs
  A big kobold (D:8)
  2 eyes of draining
  A scorpion (D:7)
  5 wights (D:8)
  A crimson imp (D:8)
  2 jellies (D:7)
  A quasit (D:7)
  3 goliath beetles
  3 orc priests
  4 iguanas
  5 orc wizards
  3 hounds
  2 worker ants
  Jessica (D:2)
  4 adders
  10 gnolls
  2 green rats
  5 giant mites
  3 shadow imps
  An ufetubus (D:9)
  An adder skeleton (D:5)
  An adder zombie (D:6)
  3 giant geckos
  An ooze (D:1)
  20 orcs
  A bat zombie (D:7)
  6 giant cockroaches
  17 hobgoblins
  4 jackals
  18 kobolds
  2 quokkas
  2 ball pythons (D:3)
  11 bats
  4 giant newts
  A giant spore (D:8)
  13 goblins
  A quokka skeleton (D:5)
  13 rats
  18 ballistomycetes (D:8)
218 creatures vanquished.

Vanquished Creatures (others)
  A scorpion zombie (D:7)
  A giant spore (D:8)
2 creatures vanquished.

Grand Total: 220 creatures vanquished

Notes
Turn   | Place    | Note
--------------------------------------------------------------
     0 | D:1      | Chiseanne, the Octopode Assassin, began the quest for the Orb.
     0 | D:1      | Reached XP level 1. HP: 14/14 MP: 1/1
   216 | D:1      | Reached XP level 2. HP: 19/19 MP: 2/2
   486 | D:1      | Reached XP level 3. HP: 22/24 MP: 3/3
   677 | D:2      | Reached skill level 6 in Stealth
  1164 | D:2      | Found a glowing golden altar of the Shining One.
  1164 | D:2      | Noticed Jessica
  1185 | D:2      | Killed Jessica
  1185 | D:2      | Reached XP level 4. HP: 24/30 MP: 4/4
  1497 | D:2      | Found a shimmering altar of Xom.
  1622 | D:3      | Reached XP level 5. HP: 14/36 MP: 5/5
  2427 | D:4      | Found a staircase to the Ecumenical Temple.
  2449 | Temple   | Entered the Ecumenical Temple
  2722 | D:4      | Found a stormy altar of Qazlal.
  2812 | D:4      | Noticed an ogre
  2815 | D:4      | Killed an ogre
  2815 | D:4      | Reached skill level 7 in Stealth
  2815 | D:4      | Reached XP level 6. HP: 42/42 MP: 6/6
  2855 | D:4      | Found a bloodstained altar of Trog.
  3221 | D:5      | Entered Level 5 of the Dungeon
  3474 | D:5      | Reached XP level 7. HP: 47/47 MP: 7/7
  3962 | D:5      | Reached skill level 8 in Stealth
  4423 | D:6      | Reached XP level 8. HP: 23/54 MP: 8/8
  4654 | D:6      | Learned a level 4 spell: Leda's Liquefaction
  4882 | D:6      | Reached skill level 5 in Throwing
  5007 | D:6      | Found a glowing drain.
  5017 | Sewer    | Entered a sewer
  5020 | Sewer    | Noticed Purgy
  5022 | Sewer    | Killed Purgy
  5326 | D:6      | Reached skill level 9 in Stealth
  5397 | D:6      | Reached skill level 5 in Fighting
  6007 | D:7      | Found a stormy altar of Qazlal.
  6122 | D:7      | Reached skill level 5 in Dodging
  6589 | D:7      | Reached XP level 9. HP: 61/61 MP: 9/9
  6764 | D:8      | Noticed Psyche
  6779 | D:8      | Killed Psyche
  7065 | D:8      | Reached skill level 10 in Stealth
  8270 | D:8      | Reached skill level 5 in Short Blades
  8373 | D:8      | Reached XP level 10. HP: 18/69 MP: 10/10
  8466 | D:8      | Noticed Maurice
  8474 | D:8      | Paralysed by a potion of paralysis for 5 turns
  8479 | D:8      | Gained mutation: You are frail (-10% HP). [potion of mutation]
  8479 | D:8      | Gained mutation: You have a slow metabolism. [potion of mutation]
  8479 | D:8      | Gained mutation: You are partially covered in iridescent scales (AC +4). [potion of mutation]
  8495 | D:8      | Killed Maurice
  9237 | D:9      | Reached skill level 11 in Stealth
  9274 | D:9      | Found an ancient bone altar of Kikubaaqudgha.
  9505 | D:9      | Slain by a wyvern

Action                   |  1- 3 |  4- 6 |  7- 9 | 10-12 || total
-------------------------+-------+-------+-------+-------++-------
Melee: Dagger            |    50 |    88 |   428 |    79 ||   645
       Blowgun           |       |       |       |     3 ||     3
 Fire: Blowgun           |       |    15 |    80 |    17 ||   112
Throw: Tomahawk          |       |     2 |    17 |    15 ||    34
       Javelin           |       |       |     1 |    11 ||    12
Evoke: Wand              |       |     1 |     9 |       ||    10
  Use: Scroll            |     5 |     3 |    16 |       ||    24
       Potion            |     1 |       |     9 |     4 ||    14
 Stab: Sleeping          |     5 |    10 |    22 |       ||    37
       Distracted        |     1 |     1 |       |     1 ||     3
